 Dungeon Crawl Stone Soup version 0.29.0-4-gdea44cf6ec (webtiles) character file.

Game seed: 7230683223418317524

189 Plasmagod the Chopper (level 6, -4/47 HPs)
             Began as a Formicid Fighter on Aug 27, 2022.
             Slain by Blork the orc
             ... wielding a +0 hand axe
              (8 damage)
             ... on level 3 of the Dungeon.
             The game lasted 00:07:25 (3186 turns).

Plasmagod the Chopper (Formicid Fighter)            Turns: 3186, Time: 00:07:26

Health: -4/47      AC:  6    Str: 22    XL:     6   Next: 0%
Magic:  15/15      EV:  9    Int:  8    God:
Gold:   185        SH:  5    Dex: 13    Spells: 5/5 levels left

rFire   . . .      SeeInvis +   a - +0 war axe
rCold   . . .      Faith    .   c - +0 buckler
rNeg    . . .      Spirit   .   b - +0 scale mail
rPois   .          Reflect  .   (helmet unavailable)
rElec   .          Harm     .   (no cloak)
rCorr   .          Rampage  .   (no gloves)
Will    .....                   (no boots)
Stlth   ..........              (no amulet)
HPRegen 0.15/turn               p - ring of magical power
MPRegen 0.14/turn               (no ring)

@: no status effects
A: permanent stasis, dig shafts and tunnels, antennae 3, four strong arms
a: Dig, Shaft Self


You were on level 3 of the Dungeon.
You visited 1 branch of the dungeon, and saw 4 of its levels.

You collected 185 gold pieces.

Inventory:

Hand Weapons
 a - a +0 war axe (weapon)
Armour
 b - a +0 scale mail (worn)
 c - a +0 buckler (worn)
Jewellery
 p - a ring of magical power (left hand)
Scrolls
 e - 2 scrolls of blinking {unknown}
 f - 5 scrolls of identify {unknown}
 k - a scroll of enchant armour {unknown}
 l - a scroll of enchant weapon {unknown}
 o - a scroll of immolation {unknown}
Potions
 d - 2 potions of might
 g - 2 potions of magic {unknown}
 h - a potion of curing
 i - a potion of haste {unknown}
 j - a potion of lignification {unknown}
 m - a potion of invisibility {unknown}
 n - a potion of ambrosia {unknown}
 q - a potion of flight {unknown}
 r - a potion of berserk rage {unknown}


   Skills:
 - Level 3.2 Fighting
 + Level 5.7 Axes
 - Level 3.2 Armour
 - Level 4.0 Shields


You had 5 spell levels left.
You didn't know any spells.
Your spell library contained the following spells:

 Spells                   Type           Power      Damage    Failure   Level
 Inner Flame              Hex/Fire       0%         N/A       99%         3
 Cause Fear               Hex            0%         N/A       100%        4
 Discord                  Hex            0%         N/A       100%        8


Dungeon Overview and Level Annotations

Branches:
Dungeon (4/15)
 Temple: D:4-7

Altars:
Hepliaklqana
Kikubaaqudgha
Ru
Uskayaw

Shops:
D:4 (=

Annotations:
D:3 Blork the orc
D:4 Edmund, Sigmund


Innate Abilities, Weirdness & Mutations

You cannot be hasted, slowed, berserked, paralysed or teleported.
You can dig through walls and to a lower floor.
You have a pair of large antennae on your head. (SInv)
Your four strong arms can wield two-handed weapons with a shield.


Message History

You sense a monster nearby.
You now have 185 gold pieces (gained 12).
Found an escape hatch in the floor.
Found a hide-covered altar of Uskayaw.
No target in view!
Blork the orc comes into view.
He is wielding a +0 hand axe.
Blork the orc shouts!
Press: ? - help, v - describe, . - travel
Here: Blork the orc, wielding a +0 hand axe and wearing a +0 robe The floor.
Edmund the Younger comes into view.
He is wielding a +5 flail of venom.
Edmund shouts!
An endoplasm comes into view.
Blork the orc gestures wildly while chanting.
Blork the orc seems to speed up.
Blork the orc gestures at you while chanting.
The puff of frost hits you!
Blork the orc screams, "I'll break your arms!"
Blork the orc casts a spell at you. The puff of frost misses you.
Blork the orc points at you and mumbles some strange words.
The puff of flame hits you!
There is a stone staircase leading up here.
Blork the orc hits you with a +0 hand axe.
Blork the orc casts a spell at you. The magic dart hits you.
You climb upwards.
There is a stone staircase leading down here.
You hit Blork the orc but do no damage.
Blork the orc hits you with a +0 hand axe!
* * * LOW HITPOINT WARNING * * *
Blork the orc casts a spell at you. The puff of frost hits you!
* * * LOW HITPOINT WARNING * * *
You hit Blork the orc.
Blork the orc is lightly wounded.
Blork the orc hits you with a +0 hand axe.
* * * LOW HITPOINT WARNING * * *
Blork the orc hits you with a +0 hand axe!
You die...

###.#### #.## #..## #.# #..#
#.... #.# ##.# ####.### #.# #.#
#....# #.# #.# #.#### ####.# #.#
#.# ..)..# ##### #.# #.# .#####
#...#####o# ##.## .#
###........@# ####...##### .#
###.....####### #..........# .#
#....#.#### #.##...###.#
.###....§....##### #.###.## #.#
.##...≈≈.§≈......#####.##...# #.#
.#..§..≈.≈..≈..........##.#.###.#
.#..§≈.....≈≈....#####..........#
.#..§§.._..§§......# #.##........
.#..§§)...§§≈.)..#.# #.##.#.###[.


You could see Blork the orc (fast).

Vanquished Creatures
  A phantom (D:4)
  2 adders
  2 gnolls (D:2)
  A worm (D:2)
  2 dart slugs
  4 orcs
  7 ball pythons
  3 bats
  5 endoplasms
  A giant cockroach (D:1)
  10 hobgoblins
  6 jackals (D:1)
  12 kobolds
  A quokka (D:3)
  2 frilled lizards (D:1)
  4 goblins
  4 rats
67 creatures vanquished.

Notes
Turn   | Place    | Note
-------+----------+-------------------------------------------
     0 | D:1      | Plasmagod the Formicid Fighter began the quest for the Orb.
     0 | D:1      | Reached XP level 1. HP: 18/18 MP: 1/1
   137 | D:1      | Reached XP level 2. HP: 24/24 MP: 2/2
   326 | D:1      | Reached skill level 3 in Axes
   384 | D:1      | Reached XP level 3. HP: 29/29 MP: 3/3
  1300 | D:2      | Found a faded altar of an unknown god.
  1509 | D:2      | Reached skill level 4 in Axes
  1509 | D:2      | Reached XP level 4. HP: 35/35 MP: 4/4
  2216 | D:3      | Found a sacrificial altar of Ru.
  2592 | D:3      | Found an ancient bone altar of Kikubaaqudgha.
  2670 | D:3      | Found a hazy altar of Hepliaklqana.
  2677 | D:3      | Reached XP level 5. HP: 41/41 MP: 5/5
  2818 | D:4      | Found Godukhlu's Weapon Emporium.
  2822 | D:4      | Noticed Sigmund
  2856 | D:4      | Noticed a phantom
  2862 | D:4      | Killed a phantom
  2863 | D:4      | Reached skill level 5 in Axes
  2917 | D:4      | Found Ollunk's Jewellery Shoppe.
  2980 | D:3      | Reached XP level 6. HP: 22/47 MP: 6/6
  3166 | D:4      | Found a hide-covered altar of Uskayaw.
  3167 | D:4      | Noticed Blork the orc
  3168 | D:4      | Noticed Edmund
  3186 | D:3      | Slain by Blork the orc

Illustrated notes

Levels and vault maps discovered:
D:1:      onia_arrival_mini_spirals, layout_loops_cross, nrook_mini_vaults
D:2:      layout_basic, basic_ecumenical_altar
D:3:      layout_loops_ring, mainiacjoe_overflow_cross_hatched,
          mainiacjoe_overflow_small_starburst, general_overflow_altar
D:4:      minmay_angry_zag, layout_loops_cross, lemuel_crystal_altar,
          amcnicky_altar_gilded, serial_shops, nicolae_diamond_shop,
          nicolae_shop_stone, nicolae_square_shop, shop, nicolae_shop_crystal,
          uniq_edmund, uniq_blork_the_orc, uniq_sigmund

Skill      XL: |  1  2  3  4  5 |
---------------+----------------+-----
Axes           | 3 4 5 |  5.7
Fighting       | |  3.2
Armour         | |  3.2
Shields        | |  4.0

Action                   |  1- 3 |  4- 6 || total
-------------------------+-------+-------++-------
Melee: War axe           |    73 |    78 ||   151
Armor: Scale mail        |    39 |    28 ||    67
Dodge: Dodged            |    40 |    32 ||    72
Block: Buckler           |    15 |    16 ||    31
